 Dungeon Crawl Stone Soup version 0.28-a0-1117-g0bdd5ba030 (webtiles) character file.

Game seed: 12520347978218547675

17774 mcbry74 the Grappler (level 12, -9/115 HPs)
             Began as a Troll Berserker on Dec 10, 2021.
             Was a High Priest of Trog.
             Mangled by a merfolk (24 damage)
             ... on level 2 of the Lair of Beasts on Dec 11, 2021.
             The game lasted 00:58:15 (11043 turns).

mcbry74 the Grappler (Troll Berserker)             Turns: 11043, Time: 00:58:17

Health: -9/115     AC:  9    Str: 29    XL:     12   Next: 21%
Magic:  11/11      EV: 11    Int:  6    God:    Trog [*****.]
Gold:   801        SH:  9    Dex: 20    Spells: 11/11 levels left

rFire   x . .      SeeInvis .     - Unarmed
rCold   + . .      Faith    .   Z - +0 kite shield
rNeg    + . .      Spirit   .   R - +0 troll leather armour
rPois   +          Reflect  .   (helmet restricted)
rElec   .          Harm     .   x - +2 ratskin cloak {*Rats rPois rN+ Str-1 Int-1 Dex+1}
rCorr   +          Rampage  .   (gloves unavailable)
Will    ++...                   (boots unavailable)
Stlth   +.........              y - amulet of regeneration
HPRegen 3.69/turn               c - +6 ring of dexterity
MPRegen 0.12/turn               T - ring "Sesiylil" {Ice *Slow rCorr Int+2 Dex+4}

@: strong-willed, regenerating, very slow
A: large, unfitting armour, claws 3, regeneration 1, shaggy fur 1, tough skin 1
a: Renounce Religion, Berserk, Trog's Hand, Brothers in Arms


You were on level 2 of the Lair of Beasts.
You worshipped Trog.
Trog was extremely pleased with you.
You visited 2 branches of the dungeon, and saw 14 of its levels.
You also visited: Ossuary.

You collected 801 gold pieces.

Inventory:

Hand Weapons
 a - a +0 hunting sling
 B - a +0 giant spiked club
Missiles
 k - 132 sling bullets
 n - a datura-tipped dart
 o - 5 boomerangs (quivered)
 D - 17 poisoned darts
 E - 7 curare-tipped darts
Armour
 b - +0 acid dragon scales
 x - the +2 ratskin cloak (worn) {*Rats rPois rN+ Str-1 Int-1 Dex+1}
   (You found it on level 5 of the Dungeon)

   When the wearer is hurt, rats may emerge from it to assist them.
   Str:       It affects your strength (-1).
   Int:       It affects your intelligence (-1).
   Dex:       It affects your dexterity (+1).
   rPois:     It protects you from poison.
   rN:        It protects you from negative energy.
 R - a +0 troll leather armour (worn)
 W - a scarf of resistance
 Z - a +0 kite shield (worn)
Jewellery
 c - a +6 ring of dexterity (left claw)
 f - a ring of see invisible
 q - a ring of protection from cold
 y - an amulet of regeneration (around neck)
 F - the amulet "Mahin" {Acrobat rF+ rN+ Will+ Dex-2}
   (You acquired it on level 8 of the Dungeon)

   [amulet of the acrobat]

   It increases your evasion while moving and waiting.
   Dex:       It affects your dexterity (-2).
   rF:        It protects you from fire.
   rN:        It protects you from negative energy.
   Will:      It increases your willpower.
 H - a +4 ring of evasion
 P - the ring "Ziom" {rF+ rC+ rN+ Dex-2}
   (You acquired it in an ossuary)

   [ring of positive energy]

   Dex:       It affects your dexterity (-2).
   rF:        It protects you from fire.
   rC:        It protects you from cold.
   rN:        It protects you from negative energy.
 T - the ring "Sesiylil" (right claw) {Ice *Slow rCorr Int+2 Dex+4}
   (You took it off an orc priest on level 9 of the Dungeon)

   [ring of ice]

   It enhances your ice magic.
   Int:       It affects your intelligence (+2).
   Dex:       It affects your dexterity (+4).
   rF:        It makes you vulnerable to fire.
   rC:        It protects you from cold.
   rCorr:     It protects you from acid and corrosion.
   *Slow:     It may slow you when you take damage.
 V - a ring of poison resistance
Wands
 w - a wand of flame (43)
 S - a wand of polymorph (4)
Scrolls
 d - 3 scrolls of teleportation
 h - a scroll of silence
 j - 4 scrolls of fear
 l - 2 scrolls of enchant armour
 m - a scroll of fog
 A - 4 scrolls of blinking
 J - 2 scrolls of summoning
 Q - a scroll of torment {unknown}
 U - a scroll of noise {unknown}
 Y - 2 scrolls of magic mapping {unknown}
Potions
 e - 3 potions of attraction {unknown}
 i - 6 potions of curing
 r - 4 potions of degeneration
 s - 3 potions of flight {unknown}
 t - 2 potions of cancellation {unknown}
 u - 2 potions of resistance {unknown}
 v - 4 potions of mutation {unknown}
 z - 4 potions of heal wounds {unknown}
 I - 2 potions of brilliance {unknown}
 K - 2 potions of lignification {unknown}
 L - 2 potions of berserk rage {unknown}
 M - a potion of haste {unknown}
 N - 5 potions of invisibility {unknown}
 O - 3 potions of magic {unknown}


   Skills:
 + Level 6.8 Fighting
 * Level 7.7 Throwing
 + Level 3.3 Armour
 + Level 6.7 Dodging
 + Level 2.1 Shields
 + Level 12.5 Unarmed Combat
 + Level 5.6 Evocations


You had 11 spell levels left.
You didn't know any spells.
Your spell library was empty.

Dungeon Overview and Level Annotations

Branches:
Dungeon (12/15)            Temple (0/1) D:5            Lair (2/6) D:9
 Shoals (0/4) Lair:2          Orc (0/2) D:10        Ossuary (visited)
  Snake: Lair:2-4    Spider: Lair:2-4

Altars:
Ashenzari
Fedhas
Qazlal
Ru

Shops:
D:8 *   D:9 *=*:


Innate Abilities, Weirdness & Mutations

You are too large for most types of armour.
You have claws for hands.
Your natural rate of healing is unusually fast.
You are covered in fur. (AC +1)
You have tough skin. (AC +1)


Message History

The merfolk hits you from afar with a +0 trident!
The electric eel shoots out a bolt of lightning at you!
The bolt of electricity hits you.
You struggle against the net.
The merfolk hits you from afar with a +0 trident!
The electric eel shoots out a bolt of lightning at you!
The bolt of electricity misses you.
You rip the net and break free!
The merfolk hits you from afar with a +0 trident!
* * * LOW HITPOINT WARNING * * *
Okay, then.
Okay, then.
As you read the scroll of identify, it crumbles to dust.
r - 4 potions of degeneration The merfolk hits you with a +0 trident.
* * * LOW HITPOINT WARNING * * *
You claw the merfolk!
The merfolk is lightly wounded.
You miss the merfolk.
The merfolk is lightly wounded.
The merfolk closely misses you.
You closely miss the merfolk.
The merfolk is lightly wounded.
You block the merfolk's attack.
You claw the merfolk!
The merfolk is moderately wounded.
The merfolk hits you with a +0 trident!
* * * LOW HITPOINT WARNING * * *
A river rat scurries out from under your cloak.
Your skin crawls.
You feel strong-willed. The merfolk closely misses you.
You scratch the merfolk but do no damage.
The merfolk is moderately wounded.
The merfolk hits you with a +0 trident!!
* * * LOW HITPOINT WARNING * * *
A hell rat scurries out from under your cloak.
Your river rat bites the merfolk.
The merfolk hits you with a +0 trident!!
You die...

#.#..............P#
##..#####.####'..##
##.#≈≈≈#.#≈≈≈#)..#
#.#≈≈≈###≈≈≈#..##
###≈≈≈#≈#≈≈≈##.## ##
#≈###'≈####≈#..##.#
#≈≈≈#≈≈≈#≈≈≈#......
#≈≈r#≈>≈#≈≈≈###..#.
#r@≈#≈)≈#≈≈≈##.#...
#m####≈'###≈###....
###≈≈≈#≈#≈≈≈##......
##.#≈m≈###≈≈≈#......#
#..#≈≈≈#.#≈≈≈#.#.^...
#.+####.#####.:...P.
#................... ##
##...................
#P######...........#........


You could see a merfolk (ally target), a friendly hell rat and a friendly river
rat.

Vanquished Creatures
  A fire dragon (D:11)
  A boulder beetle (D:9)
  2 two-headed ogres
  A cane toad (Lair:2)
  2 gargoyles (D:11)
  Maggie (Lair:1)
  2 komodo dragons
  A rime drake (Lair:2)
  2 unseen horrors
  2 trolls
  A slime creature (Lair:1)
  A merfolk (Lair:2)
  A hornet (D:8)
  Grinder (D:5)
  4 blink frogs (Lair:2)
  A shadow (D:10)
  A wraith (D:12)
  A wyvern (Lair:1)
  16 yaks
  Eustachio (D:5)
  Grum (D:8)
  2 steam dragons (D:9)
  Edmund (D:6)
  A warg (D:10)
  2 acid dragons
  3 water moccasins
  An ice beast (D:7)
  3 sky beasts
  3 orc warriors
  2 black bears
  A necrophage (D:5)
  8 wolves
  7 centaurs
  A phantom (D:6)
  3 kobold brigands
  3 bullfrogs
  A wyvern zombie (D:7)
  A water moccasin zombie (D:5)
  6 scorpions (D:5)
  A wyvern skeleton (D:6)
  A water moccasin skeleton (D:5)
  8 killer bees
  9 wights
  3 howler monkeys
  2 electric eels (D:9)
  A bullfrog zombie (D:7)
  2 centaur zombies
  8 jellies (Lair:1)
  A gnoll shaman (D:4)
  3 hounds
  A bullfrog skeleton (D:6)
  4 orc priests
  A centaur skeleton (D:7)
  4 iguanas
  9 orc wizards
  A hound zombie (D:5)
  13 mummies
  A howler monkey zombie (D:7)
  5 gnolls (D:4)
  13 adders
  2 shadow imps (D:6)
  A white imp (D:8)
  2 ufetubi
  A dart slug (D:1)
  32 orcs
  10 bats
  19 endoplasms
  A giant cockroach (D:2)
  13 goblins
  4 hobgoblins
  2 jackals (D:4)
  5 quokkas
  8 ball pythons
  3 frilled lizards
  A gnoll skeleton (Ossuary)
  2 goblin skeletons (Ossuary)
  17 kobolds
  2 kobold skeletons (Ossuary)
  3 orc skeletons (Ossuary)
  2 rats (D:1)
  11 rat skeletons (Ossuary)
325 creatures vanquished.

Vanquished Creatures (collateral kills)
  Sonja (D:11)
  A rime drake (Lair:2)
  2 yaks (Lair:2)
  A centaur zombie (D:8)
  2 jellies
  An orc (D:7)
8 creatures vanquished.

Vanquished Creatures (others)
  7 fungi
  9 plants
16 creatures vanquished.

Grand Total: 349 creatures vanquished

Notes
Turn   | Place    | Note
-------+----------+-------------------------------------------
     0 | D:1      | mcbry74 the Troll Berserker began the quest for the Orb.
     0 | D:1      | Reached XP level 1. HP: 22/22 MP: 0/0
   123 | D:1      | Reached XP level 2. HP: 29/29 MP: 1/1
   368 | D:1      | Reached skill level 4 in Unarmed Combat
   547 | D:1      | Reached ** piety under Trog
   587 | D:1      | Found a faded altar of an unknown god.
   754 | D:2      | Reached XP level 3. HP: 36/36 MP: 2/2
  1279 | D:2      | Reached XP level 4. HP: 42/44 MP: 3/3
  1626 | D:3      | Reached skill level 5 in Unarmed Combat
  2166 | D:4      | Reached XP level 5. HP: 34/50 MP: 4/4
  2316 | D:4      | Reached skill level 6 in Unarmed Combat
  2513 | D:4      | Reached *** piety under Trog
  2902 | D:5      | Entered Level 5 of the Dungeon
  2911 | D:5      | Noticed Grinder
  2920 | D:5      | Paralysed by Grinder for 7 turns
  2931 | D:5      | Killed Grinder
  2932 | D:5      | Reached skill level 7 in Unarmed Combat
  2932 | D:5      | Reached XP level 6. HP: 15/59 MP: 5/5
  3034 | D:5      | Reached skill level 8 in Unarmed Combat
  3034 | D:5      | Reached XP level 7. HP: 51/66 MP: 6/6
  3358 | D:5      | Found the +2 ratskin cloak {*Rats rPois rN+ Str-1 Int-1
                  | Dex+1}
  3381 | D:5      | Noticed Eustachio
  3391 | D:5      | Killed Eustachio
  3392 | D:5      | Reached skill level 9 in Unarmed Combat
  3412 | D:5      | Found a staircase to the Ecumenical Temple.
  3604 | D:5      | Reached XP level 8. HP: 74/74 MP: 7/7
  3611 | D:5      | Reached skill level 10 in Unarmed Combat
  3671 | D:5      | Reached skill level 1 in Throwing
  3967 | D:6      | Reached skill level 1 in Evocations
  3996 | D:6      | Noticed a two-headed ogre
  4029 | D:6      | Killed a two-headed ogre
  4029 | D:6      | Reached **** piety under Trog
  4030 | D:6      | Reached XP level 9. HP: 83/83 MP: 8/8
  4154 | D:6      | Found a sacrificial altar of Ru.
  4160 | D:6      | Noticed Edmund
  4172 | D:6      | Killed Edmund
  4793 | D:7      | Reached skill level 11 in Unarmed Combat
  5288 | D:7      | Reached XP level 10. HP: 94/94 MP: 9/9
  5549 | D:8      | Identified a scroll of acquirement
  5649 | D:8      | Found a sand-covered staircase.
  5656 | Ossuary  | Entered an ossuary
  5706 | Ossuary  | Reached ***** piety under Trog
  5814 | Ossuary  | Reached skill level 5 in Fighting
  5814 | Ossuary  | Reached skill level 5 in Dodging
  5937 | Ossuary  | Acquired the ring "Ziom" {rF+ rC+ rN+ Dex-2}
  5968 | D:8      | Acquired the amulet "Mahin" {Acrobat rF+ rN+ Will+ Dex-2}
  6139 | D:8      | Found Emeyminu's Assorted Antiques.
  6139 | D:8      | Noticed Grum
  6159 | D:8      | Killed Grum
  6389 | D:8      | Reached skill level 5 in Throwing
  6474 | D:9      | Noticed a boulder beetle
  6500 | D:9      | Killed a boulder beetle
  6609 | D:9      | Found Xuud's Assorted Antiques.
  6728 | D:9      | Found Idghas's Jewellery Shoppe.
  6781 | D:9      | Found Mucem's Book Emporium.
  6857 | D:9      | Found a staircase to the Lair.
  7027 | D:9      | Reached XP level 11. HP: 102/105 MP: 10/10
  7185 | D:9      | Identified the ring "Sesiylil" {Ice *Slow rCorr Int+2
                  | Dex+4}
  7202 | D:9      | Reached skill level 1 in Armour
  7259 | D:9      | Found Oclaifuexut's Assorted Antiques.
  7587 | D:10     | Entered Level 10 of the Dungeon
  7587 | D:10     | Noticed a two-headed ogre
  7593 | D:10     | Killed a two-headed ogre
  7594 | D:10     | Reached skill level 12 in Unarmed Combat
  7602 | D:10     | Found a broken altar of Ashenzari.
  7747 | D:10     | Found a staircase to the Orcish Mines.
  7937 | D:10     | Found a stormy altar of Qazlal.
  7963 | D:10     | Found a blossoming altar of Fedhas.
  8067 | D:10     | Reached skill level 5 in Evocations
  8280 | D:11     | Noticed Sonja
  8299 | D:11     | Killed Sonja
  8776 | D:11     | Noticed a fire dragon
  8790 | D:11     | Killed a fire dragon
  8905 | D:11     | Reached skill level 1 in Shields
  9791 | Lair:1   | Entered Level 1 of the Lair of Beasts
  9793 | Lair:1   | Upgraded the game from 0.28-a0-1087-gf3fc490d9d to
                  | 0.28-a0-1117-g0bdd5ba030
 10139 | Lair:1   | Noticed Maggie
 10158 | Lair:1   | Killed Maggie
 10687 | Lair:2   | Reached XP level 12. HP: 115/115 MP: 11/11
 11007 | Lair:2   | Found a staircase to the Shoals.
 11043 | Lair:2   | Mangled by a merfolk

Illustrated notes

Levels and vault maps discovered:
D:1:      dpeg_arrival_shelter, layout_basic, ebering_ecumenical_altar_webs,
          minmay_misc_feat_plants
D:2:      layout_loops_cross, grunt_ministairs_1
D:3:      layout_basic
D:4:      layout_loops_ring, patterned_corridor
D:5:      old_forge, layout_loops_ring, minmay_temple_entry_drinking_statues,
          kennysheep_donut, uniq_grinder, uniq_eustachio
D:6:      wad_river_or_something, layout_rooms, mainiacjoe_overflow_chevrons,
          uniq_edmund
D:7:      layout_loops_ring
D:8:      layout_rooms, gup_ossuary_entry_pyramid, kennysheep_small_square,
          uniq_grum
D:9:      layout_basic, david_lair_shrubbed, serial_shops, shop,
          kennysheep_mini_moat, kennysheep_little_box, shop
D:10:     layout_small_grid, grunt_temple_overflow_forces_of_nature,
          cheibrodos_ashenzari_chains, david_orc_3
D:11:     layout_basic, uniq_sonja
D:12:     layout_stronghold
Lair:1:   lemuel_slime, layout_regular_city, lemuel_fruit_fields,
          lemuel_fruit_tree, uniq_maggie
Lair:2:   layout_layer_cave, elwin_shoals_entry_rooms

Skill      XL: |  1  2  3  4  5  6  7  8  9 10 11 12 |
---------------+-------------------------------------+-----
Unarmed Combat | 4 5 7 8 9 10 11 12 | 12.5
Throwing       | 2 4 5 7 |  7.7
Evocations     | 2 3 4 5 |  5.6
Fighting       | 3 4 5 6 |  6.8
Dodging        | 3 4 5 6 |  6.7
Armour         | 3 |  3.3
Shields        | 1 2 |  2.1

Action                   |  1- 3 |  4- 6 |  7- 9 | 10-12 || total
-------------------------+-------+-------+-------+-------++-------
Melee: Unarmed           |    80 |    50 |   190 |   501 ||   821
       Punch             |     2 |     1 |    13 |    23 ||    39
       Flail             |       |       |     3 |       ||     3
 Fire: Hunting sling     |       |    55 |    30 |     8 ||    93
Throw: Stone             |    22 |     4 |    13 |     1 ||    40
       Dart              |       |       |     7 |     2 ||     9
Invok: Trog's Hand       |       |     1 |     1 |     4 ||     6
       Brothers in Arms  |       |       |       |     1 ||     1
  Use: Scroll            |       |       |       |    15 ||    15
       Potion            |       |       |       |     1 ||     1
 Stab: Sleeping          |     3 |     1 |     4 |     5 ||    13
       Held in net/web   |       |       |     1 |       ||     1
Armor: Animal skin       |    24 |    11 |    54 |    38 ||   127
       Steam dragon scal |       |       |       |    12 ||    12
       Troll leather arm |       |       |       |   116 ||   116
Dodge: Dodged            |    41 |    25 |    87 |   250 ||   403
Block: Kite shield       |       |       |       |    68 ||    68

Table legend: (Time is in decaauts)
 A = Elapsed time spent in this place.
 B = Non-inter-level travel time spent in this place.
 C = Inter-level travel time spent in this place.
 D = Time resting spent in this place.
 E = Time spent auto-exploring this place.
 F = Levels seen in this place.
 G = Mean time per level.
                   A        B        C        D        E       F      G
               +--------+--------+--------+--------+--------+-----+--------+
         Total |  10939 |  10416 |    523 |    359 |   7367 |  15 |  729.3 |
       Dungeon |   9394 |   8910 |    484 |    342 |   6354 |  12 |  782.8 |
          Lair |   1265 |   1226 |     39 |     17 |    855 |   2 |  632.5 |
       Ossuary |    278 |    278 |      0 |      0 |    157 |   1 |  278.0 |
               +--------+--------+--------+--------+--------+-----+--------+

Top non-repeatable levels by time:
    D:11: 1292 daAuts
     D:9: 1127 daAuts
     D:5: 980 daAuts
     D:6: 823 daAuts
  Lair:1: 816 daAuts
     D:4: 811 daAuts
     D:1: 737 daAuts
     D:8: 707 daAuts
     D:2: 705 daAuts
     D:7: 686 daAuts
     D:3: 636 daAuts
    D:10: 569 daAuts
  Lair:2: 449 daAuts
    D:12: 316 daAuts
 Ossuary: 278 daAuts
